 Dungeon Crawl Stone Soup version 0.28.0-43-g3370ac3207 (webtiles) character file.

Game seed: 125547900862092692

949 Iusername the Covered (level 7, 0/61 HPs)
             Began as a Minotaur Fighter on Apr 1, 2022.
             Was a Priest of Trog.
             Slain by a gnoll
             ... wielding a +0 spear
              (2 damage)
             ... on level 5 of the Dungeon.
             The game lasted 00:17:59 (5663 turns).

Iusername the Covered (Minotaur Fighter)            Turns: 5663, Time: 00:18:00

Health: 0/61       AC:  6    Str: 21    XL:     7   Next: 90%
Magic:  6/6        EV: 11    Int:  7    God:    Trog [***...]
Gold:   124        SH:  4    Dex:  9    Spells: 6/6 levels left

rFire   . . .      SeeInvis .   f - +3 short sword
rCold   . . .      Faith    .   c - +0 buckler
rNeg    . . .      Spirit   .   e - +0 ring mail {rPois}
rPois   +          Reflect  .   (helmet restricted)
rElec   .          Harm     .   (no cloak)
rCorr   .          Rampage  .   (no gloves)
Will    +....                   (no boots)
Stlth   +.........              (no amulet)
HPRegen 0.20/turn               l - ring of willpower
MPRegen 0.10/turn               (no ring)

@: about to teleport
A: horns 2, retaliatory headbutt
a: Renounce Religion, Berserk, Trog's Hand


You were on level 5 of the Dungeon.
You worshipped Trog.
Trog was most pleased with you.
You visited 1 branch of the dungeon, and saw 5 of its levels.

You collected 160 gold pieces.
You spent 36 gold pieces at shops.

Inventory:

Hand Weapons
 a - a +0 long sword
 f - a +3 short sword (weapon)
 u - a +0 shortbow
Missiles
 v - 22 arrows
Armour
 b - a +0 scale mail
 c - a +0 buckler (worn)
 d - a +0 robe
 e - a +0 ring mail of poison resistance (worn)
Jewellery
 l - a ring of willpower (left hand)
 o - a ring of magical power
Wands
 r - a wand of iceblast (2) (quivered)
Scrolls
 k - a scroll of brand weapon {unknown}
 n - a scroll of identify {unknown}
Potions
 g - a potion of haste {unknown}
 h - a potion of attraction {unknown}
 i - 2 potions of degeneration {unknown}
 j - 3 potions of curing
 m - a potion of berserk rage {unknown}
 p - a potion of might
 q - 2 potions of invisibility {unknown}
 t - a potion of mutation {unknown}


   Skills:
 + Level 5.3 Fighting
 + Level 5.5(5.8) Short Blades
 + Level 2.7(4.7) Long Blades
 + Level 6.3 Armour
 + Level 3.6 Dodging
 + Level 0.9 Stealth
 + Level 5.0 Shields
 + Level 0.3 Evocations


You had 6 spell levels left.
You didn't know any spells.
Your spell library was empty.

Dungeon Overview and Level Annotations

Branches:
Dungeon (5/15)             Temple (0/1) D:4

Altars:
Cheibriados
Hepliaklqana
Qazlal
Trog
Uskayaw
Vehumet

Shops:
D:5 !

Annotations:
D:4 Eustachio


Innate Abilities, Weirdness & Mutations

You have a pair of horns on your head.
You reflexively headbutt those who attack you in melee.


Message History

The gnoll barely misses you.
You hit the gnoll. Your headbutt misses the gnoll.
The gnoll is almost dead.
The gnoll hits you with a +0 club.
The gnoll hits you from afar with a +0 spear.
The gnoll hits you from afar with a +0 halberd!
The gnoll hits you with a +0 whip.
You hit the gnoll.
The gnoll is almost dead.
The gnoll hits you but does no damage.
The gnoll hits you from afar with a +0 spear.
The gnoll barely misses you. The gnoll hits you but does no damage.
You closely miss the gnoll.
You headbutt the gnoll, but do no damage.
The gnoll is almost dead.
The gnoll hits you but does no damage.
The gnoll hits you from afar with a +0 spear.
You puncture the gnoll!
You kill the gnoll!
Trog accepts your kill. The gnoll barely misses you.
The gnoll hits you with a +0 club. The gnoll closely misses you.
The gnoll barely misses you. You block the gnoll's attack.
The gnoll hits you with a +0 spear.
Things that are here:
a +0 whip; a gnoll corpse You block the gnoll's attack.
The gnoll barely misses you. The gnoll hits you with a +0 spear!
* * * LOW HITPOINT WARNING * * *
As you read the scroll of teleportation, it crumbles to dust.
You feel strangely unstable. The gnoll barely misses you.
You block the gnoll's attack. The gnoll closely misses you.
The gnoll hits you from afar with a +0 halberd!
* * * LOW HITPOINT WARNING * * *
You block the gnoll's attack. The gnoll hits you with a +0 spear.
* * * LOW HITPOINT WARNING * * *
Things that are here:
a +0 whip; a gnoll corpse The gnoll hits you from afar with a +0 spear.
You die...

.............###......##.....#
.............# #.............###
.............# #.............'.#
.......[...(.# #.###.........#.#
.............###.###.###.....#.#
..........#....#.....# #.....#..
###########.##........ #...#.#..
........##..#####........#..
##########.@#<###........#.#
........g.............#..
....#...gg:..... ### ..
#........... #..........#
##.........# #.........#
#.........# ##### #.........#
#....


You could see 3 gnolls.

Vanquished Creatures
  Prince Ribbit (D:5)
  Sigmund (D:4)
  A water moccasin (D:5)
  A centaur (D:5)
  A bullfrog (D:4)
  2 bullfrog zombies (D:5)
  A hound (D:5)
  Jessica (D:2)
  A statue (D:3)
  Robin (D:2)
  A gnoll (D:5)
  8 adders
  A white imp (D:5)
  An ufetubus (D:4)
  5 worms
  4 dart slugs
  An orc (D:5)
  6 endoplasms
  4 giant cockroaches
  14 goblins
  10 hobgoblins
  3 jackals (D:1)
  A quokka (D:2)
  9 ball pythons
  4 bats
  2 frilled lizards
  9 kobolds
  7 rats
101 creatures vanquished.

Vanquished Creatures (others)
  2 plants (D:1)
2 creatures vanquished.

Grand Total: 103 creatures vanquished

Notes
Turn   | Place    | Note
-------+----------+-------------------------------------------
     0 | D:1      | Iusername the Minotaur Fighter began the quest for the Orb.
     0 | D:1      | Reached XP level 1. HP: 19/19 MP: 0/0
   492 | D:1      | Reached skill level 4 in Armour
   493 | D:1      | Reached XP level 2. HP: 24/27 MP: 1/1
  1052 | D:1      | Found a faded altar of an unknown god.
  1056 | D:1      | Prayed at the altar of an unknown god.
  1056 | D:1      | Became a worshipper of Trog the Wrathful
  1056 | D:1      | Reached * piety under Trog
  1175 | D:2      | Noticed Jessica
  1182 | D:2      | Killed Jessica
  1183 | D:2      | Reached XP level 3. HP: 18/33 MP: 2/2
  1682 | D:2      | Noticed Robin
  1690 | D:2      | Reached XP level 4. HP: 32/40 MP: 3/3
  1709 | D:2      | Reached skill level 1 in Short Blades
  2180 | D:2      | Reached ** piety under Trog
  2185 | D:2      | Killed Robin
  2954 | D:3      | Found a radiant altar of Vehumet.
  2954 | D:3      | Noticed a charred statue
  2965 | D:3      | Killed a charred statue
  3163 | D:3      | Reached XP level 5. HP: 35/47 MP: 4/4
  3167 | D:3      | Reached skill level 1 in Dodging
  3521 | D:3      | Reached skill level 5 in Armour
  3697 | D:3      | Found a hide-covered altar of Uskayaw.
  4073 | D:3      | Found a snail-covered altar of Cheibriados.
  4330 | D:4      | Found a stormy altar of Qazlal.
  4409 | D:4      | Reached XP level 6. HP: 47/53 MP: 5/5
  4562 | D:4      | Noticed Sigmund
  4578 | D:4      | Killed Sigmund
  4697 | D:4      | Found a staircase to the Ecumenical Temple.
  4703 | D:4      | Reached *** piety under Trog
  4752 | D:4      | Noticed Eustachio
  4791 | D:5      | Entered Level 5 of the Dungeon
  4794 | D:5      | Found a hazy altar of Hepliaklqana.
  5131 | D:5      | Noticed a water moccasin
  5141 | D:5      | Killed a water moccasin
  5142 | D:5      | Reached XP level 7. HP: 54/60 MP: 6/6
  5280 | D:5      | Noticed Prince Ribbit
  5292 | D:5      | Killed Prince Ribbit
  5293 | D:5      | Reached skill level 5 in Fighting
  5293 | D:5      | Reached skill level 5 in Short Blades
  5293 | D:5      | Reached skill level 6 in Armour
  5511 | D:5      | Found Gysot's Distillery.
  5530 | D:5      | Reached skill level 5 in Shields
  5547 | D:5      | Bought a potion of curing for 36 gold pieces
  5662 | D:5      | HP: 2/61 [gnoll/+0 spear (3)]
  5663 | D:5      | Slain by a gnoll

Illustrated notes

Levels and vault maps discovered:
D:1:      dpeg_arrival_fog, layout_loops_ring,
          shapermc_ecumenical_altar_hornbeckon
D:2:      layout_loops_corners, uniq_jessica, uniq_robin
D:3:      layout_basic, mainiacjoe_overflow_six_doors_small,
          cheibrodos_worm_habitat, vehumet_statue, minmay_joined_circles
D:4:      layout_basic, mainiacjoe_overflow_concentric_impassable,
          minmay_temple_entry_glass, chequers_serial_rivers_large_a,
          uniq_eustachio, uniq_sigmund
D:5:      cheibrodos_two_vegetables, layout_basic, old_standard_altar,
          serial_shops, nicolae_square_shop, item_on_display_a,
          uniq_prince_ribbit1

Skill      XL: |  1  2  3  4  5  6  7 |
---------------+----------------------+-----
Armour         | 4 5 6 |  6.3
Shields        | 4 5 |  5.0
Fighting       | 4 5 |  5.3
Short Blades   | 2 3 4 5 |  5.5
Dodging        | 1 2 3 |  3.6
Long Blades    | |  2.7
Stealth        | |  0.9
Evocations     | |  0.3

Action                   |  1- 3 |  4- 6 |  7- 9 || total
-------------------------+-------+-------+-------++-------
Melee: Long sword        |    12 |       |       ||    12
       Short sword       |    51 |   180 |    27 ||   258
       Headbutt          |     9 |    15 |     4 ||    28
Evoke: Wand              |       |       |     5 ||     5
  Use: Scroll            |       |     4 |     1 ||     5
       Potion            |       |     1 |       ||     1
Armor: Ring mail         |    26 |    60 |    15 ||   101
Dodge: Dodged            |    34 |   101 |    34 ||   169
Block: Buckler           |    14 |    39 |    11 ||    64
